 Dungeon Crawl Stone Soup version 0.27-a0-1434-g6f15984924 (webtiles) character file.

Game seed: 12993713314948213717

49115 tilp the Convoker (level 14, -35/114 HPs)
             Began as a Barachi Summoner on July 3, 2021.
             Was the Champion of Okawaru.
             Killed from afar by an ice dragon (58 damage)
             ... with a blast of cold
             ... on level 6 of the Lair of Beasts.
             The game lasted 00:56:58 (31249 turns).

tilp the Convoker (Barachi Summoner)               Turns: 31249, Time: 00:56:59

Health: -35/114    AC: 23    Str: 19    XL:     14   Next: 49%
Magic:  21/35      EV: 14    Int: 16    God:    Okawaru [******]
Gold:   582        SH:  5    Dex: 14    Spells: 7/29 levels left

rFire    + . .     SeeInvis +   T - +3 flail of Doom {freeze, rF+ rN+ Str+3}
rCold    . . .     Faith    .   w - +0 buckler
rNeg     + . .     Spirit   .   e - +1 ring mail
rPois    .         Reflect  .   d - +2 helmet {SInv}
rElec    .         Harm     .   N - +1 cloak
rCorr    .         Rampage  .   o - +2 pair of gloves {Dex+3}
Will     +....                  m - +2 pair of boots of Ziocs {Slay+3}
Stlth    ++........             R - amulet of magic regeneration
HPRegen  0.29/turn              y - ring of magical power
MPRegen  0.49/turn              Y - +4 ring of protection

@: studying Summonings, slow
A: amphibious, slowness 1, strong legs 2, +LOS, clumsy 1, strong 1, MP-powered
wands
a: Hop, Renounce Religion, Heroism, Finesse


You were on level 6 of the Lair of Beasts.
You worshipped Okawaru.
Okawaru was exalted by your worship.
You visited 3 branches of the dungeon, and saw 18 of its levels.
You also visited: Ossuary, Gauntlet, Ice Cave and Volcano.

You collected 1130 gold pieces.
You spent 548 gold pieces at shops.

Inventory:

Hand Weapons
 a - the +9 dagger "Amaih" {vamp, Dex+7}
   (You found it on level 5 of the Dungeon)

   It inflicts no extra harm, but heals its wielder when it wounds a living foe.
   Dex:       It affects your dexterity (+7).
 b - a +4 scimitar of flaming
 G - a +4 eveningstar of protection
 T - the +3 flail of Doom (weapon) {freeze, rF+ rN+ Str+3}
   (You found it on level 4 of the Lair of Beasts)

   It has been specially enchanted to freeze those struck by it, causing extra
   injury to most foes and up to half again as much damage against particularly
   susceptible opponents.
   It can also slow down cold-blooded creatures.
   Str:       It affects your strength (+3).
   rF:        It protects you from fire.
   rN:        It protects you from negative energy.
Missiles
 j - 7 curare-tipped darts
 C - 33 poisoned darts (quivered)
 D - 48 atropa-tipped darts
 J - 5 datura-tipped darts
 M - 4 throwing nets
 Q - 5 silver javelins
Armour
 d - a +2 helmet of see invisible (worn)
 e - a +1 ring mail (worn)
 m - the +2 pair of boots of Ziocs (worn) {Slay+3}
   (You found it in a Gauntlet)

   Slay:      It affects your accuracy & damage with ranged weapons and melee
   (+3).
 o - a +2 pair of gloves of dexterity (worn)
 w - a +0 buckler (worn)
 N - a +1 cloak (worn)
Jewellery
 y - a ring of magical power (left hand)
 B - a ring of fire
 K - a ring of fire
 R - an amulet of magic regeneration (around neck)
 U - a ring of wizardry
 Y - a +4 ring of protection (right hand)
Wands
 c - a wand of mindburst (22)
 t - a wand of charming (30)
 F - a wand of iceblast (14)
 H - a wand of paralysis (6)
 X - a wand of flame (43)
Scrolls
 i - 3 scrolls of vulnerability
 k - 3 scrolls of blinking
 r - 6 scrolls of enchant weapon
 u - 5 scrolls of identify
 v - a scroll of magic mapping
 x - a scroll of fear
 E - 4 scrolls of amnesia
 L - 2 scrolls of fog
 P - 9 scrolls of teleportation
Potions
 f - a potion of resistance
 g - 4 potions of heal wounds
 h - 6 potions of attraction
 l - 3 potions of curing
 n - 5 potions of flight
 p - 3 potions of invisibility
 q - 3 potions of might
 s - 6 potions of haste
 z - 2 potions of lignification
 A - 2 potions of ambrosia
 I - 3 potions of berserk rage
 O - a potion of cancellation
 S - a potion of mutation
 W - a potion of magic
Miscellaneous
 V - a phantom mirror


   Skills:
 + Level 11.9 Fighting
 + Level 7.6 Maces & Flails
 - Level 6.0 Armour
 - Level 8.0 Dodging
 - Level 4.0 Stealth
 - Level 4.0 Shields
 - Level 8.0 Spellcasting
 - Level 16.0 Summonings
 - Level 4.0 Ice Magic
 - Level 4.0 Air Magic
 + Level 9.6 Invocations
 - Level 4.0 Evocations


You had 7 spell levels left.
You knew the following spells:

 Your Spells              Type           Power      Damage    Failure   Level
a - Shadow Creatures      Summ           N/A        N/A       3%          6
b - Call Imp              Summ           55%        N/A       1%          2
c - Call Canine Familiar  Summ           55%        N/A       1%          3
d - Summon Guardian Gole  Hex/Summ       32%        N/A       1%          3
e - Summon Ice Beast      Ice/Summ       38%        N/A       3%          4
f - Summon Lightning Spi  Summ/Air       38%        N/A       3%          4

Your spell library contained the following spells:

 Spells                   Type           Power      Damage    Failure   Level
 Summon Small Mammal      Summ           100%       N/A       1%          1
 Freeze                   Ice            76%        1d9       3%          1
 Shock                    Conj/Air       48%        1d6       8%          1
 Frozen Ramparts          Ice            38%        1d5       11%         3
 Ensorcelled Hibernation  Hex/Ice        24%        N/A       12%         2
 Poisonous Vapours        Pois/Air       24%        N/A       12%         2
 Static Discharge         Conj/Air       12%        N/A       12%         2
 Beastly Appendage        Tmut           12%        N/A       19%         1
 Pain                     Necr           24%        1d5       19%         1
 Sting                    Tmut/Pois      24%        1d4       19%         1
 Sublimation of Blood     Necr           3%         N/A       26%         2
 Wereblood                Tmut           6%         N/A       26%         2
 Airstrike                Air            9%         N/A       34%         4
 Conjure Flame            Conj/Fire      6%         6-21      47%         3
 Dazzling Flash           Conj/Hex       12%        N/A       47%         3
 Gell's Gravitas          Tloc           3%         N/A       47%         3
 Ignite Poison            Fire/Tmut/Pois 6%         N/A       47%         3
 Lesser Beckoning         Tloc           3%         N/A       47%         3
 Spider Form              Tmut/Pois      3%         N/A       47%         3
 Teleport Other           Tloc           6%         N/A       47%         3
 Vampiric Draining        Necr           3%         2d6       47%         3
 Hailstorm                Conj/Ice       12%        3d5       61%         4
 Ice Form                 Ice/Tmut       12%        N/A       61%         4
 Freezing Cloud           Conj/Ice/Air   7%         6-21      86%         5
 Animate Dead             Necr           3%         N/A       87%         4
 Fulminant Prism          Conj/Hex       3%         3d6       87%         4
 Iskenderun's Mystic Bla  Conj/Tloc      6%         2d4       87%         4
 Leda's Liquefaction      Hex/Erth       3%         N/A       87%         4
 Olgreb's Toxic Radiance  Pois           6%         N/A       87%         4
 Petrify                  Tmut/Erth      6%         N/A       87%         4
 Sticky Flame             Conj/Fire      6%         2d3       87%         4
 Lightning Bolt           Conj/Air       6%         1d18      91%         5
 Metabolic Englaciation   Hex/Ice        6%         N/A       91%         5
 Agony                    Necr           6%         N/A       99%         5
 Bolt of Magma            Conj/Fire/Erth 3%         4d5       99%         5
 Borgnjor's Vile Clutch   Necr/Erth      3%         N/A       99%         5
 Excruciating Wounds      Necr           3%         N/A       99%         5
 Fireball                 Conj/Fire      3%         3d4       99%         5
 Irradiate                Conj/Tmut      3%         3d15      99%         5
 Iskenderun's Battlesphe  Conj           6%         2d6       99%         5
 Lee's Rapid Deconstruct  Erth           3%         3d6*      99%         5
 Malign Gateway           Summ/Tloc      16%        N/A       99%         7
 Conjure Ball Lightning   Conj/Air       6%         3x3d6     100%        6
 Death Channel            Necr           3%         N/A       100%        6
 Starburst                Conj/Fire      3%         8x6d3     100%        6
 Statue Form              Tmut/Erth      4%         N/A       100%        6
 Orb of Destruction       Conj           3%         9d1       100%        7
 Summon Horrible Things   Summ           27%        N/A       86%         8
 Maxwell's Capacitive Co  Air            9%         ∞         100%        8
 Chain Lightning          Conj/Air       6%         3d8       100%        9
 Fire Storm               Conj/Fire      3%         8d1       100%        9


Dungeon Overview and Level Annotations

Branches:
Dungeon (11/15)            Temple (1/1) D:5            Lair (6/6) D:10
 Shoals (0/4) Lair:2        Snake (0/4) Lair:2        Slime (0/5) Lair:5
Ossuary (visited)           IceCv (visited)         Volcano (visited)
Gauntlet (visited)
    Orc: D:9-12

Altars:
Ashenzari
Cheibriados
Dithmenos
Elyvilon
Fedhas
Gozag
Hepliaklqana
Kikubaaqudgha
Makhleb
Nemelex Xobeh
Okawaru
Qazlal
Ru
Sif Muna
Trog
Uskayaw
Vehumet
Wu Jian
Xom
Yredelemnul
Zin
The Shining One
Jiyva

Shops:
D:2 *   D:6 *:   D:7 [

Annotations:
D:8 Erica; Gastronok
D:9 dig vault (ring of mage)
D:10 2 transporters, exclusion: 2 oklob plants, sn0wgr3's ghost, journeyman GrFi
D:11 exclusions: death knight, freezing wraith and skeletal warrior


Innate Abilities, Weirdness & Mutations

You are amphibious.
You cover ground slowly.
You can hop long distances.
You have an extended range of vision and can be seen from far away.
You are clumsy. (Dex -2)
Your muscles are strong. (Str +2)
You expend magic power (3 MP) to strengthen your wands.


Message History

Wisps of shadow whirl around you...
Unknown command.
You open the door.
Unknown command.
You swap places.
The ice dragon breathes frost at you. The blast of cold hits your elephant!!!
The blast of cold hits you!!
You swap places.
The ice dragon breathes frost at you. The blast of cold hits your elephant!!
The blast of cold hits your elephant!!!
Your elephant dies!
Your elephant's corpse dissolves into shadows!
The blast of cold hits you!!!
Unknown command.
Casting: Shadow Creatures (dangerous; 3% risk of failure)
Confirm with . or Enter, or press ? or * to list all spells.
Wisps of shadow whirl around you... The ice dragon breathes frost at you.
The blast of cold hits your elephant!!!
Your elephant dies!
Your elephant's corpse dissolves into shadows!
The blast of cold hits your yak!!!
Your yak dies!
Your yak's corpse dissolves into shadows!
The blast of cold hits you!!
* * * LOW HITPOINT WARNING * * *
The ice dragon bites your yak! The ice dragon claws your yak!
The ice dragon barely misses your yak.
Your yak gores the ice dragon.
You swap places.
The ice dragon bites your yak! The ice dragon claws your yak.
The ice dragon tramples your yak.
Your yak holds its ground!
Your yak barely misses the ice dragon.
The ice dragon bites your yak!
Your yak dies!
Your yak's corpse dissolves into shadows!
Your yak dissolves into shadows!
The ice dragon breathes frost at you. The blast of cold hits your elephant.
The blast of cold hits your five-headed hydra!!!
The blast of cold hits you!!!
Ouch! That really hurt!
You die...

###...#.# ###..##
$$$###.... .....####
##..# $.$# #....
......#### #..####$$
#.... #......#.#
##Y..#D# #....
####....### ##YYY##
##P.. ##.....###
###DY8# #...
####..#.....##
##....## ##.##
#P....###....###....##
#P.# .....##
###....^@.### ####
.##### #.##.P.### ##
########


You could see an ice dragon (catching breath, ally target), a friendly
five-headed hydra (summoned), 2 friendly elephants and a friendly yak
(summoned).

Vanquished Creatures
  An entropy weaver (shapeshifter) (Gauntlet)
  A minotaur (Gauntlet)
  An ogre mage (Volcano)
  A boulder beetle (Lair:1)
  A death yak (Lair:6)
  4 two-headed ogres
  Sonja (Lair:4)
  A hell knight (Volcano)
  Pikel (D:7)
  An ugly thing (D:11)
  A shining eye (Gauntlet)
  A manticore (Lair:6)
  7 elephants
  2 black mambas
  2 torpor snails (Lair:6)
  11 cane toads
  5 komodo dragons
  2 rime drakes
  2 ice devils (Lair:5)
  2 trolls
  A polar bear (Lair:2)
  A hornet (D:8)
  3 blink frogs
  A dream sheep (Lair:6)
  5 wyverns
  4 fire bats (Volcano)
  A wraith (D:11)
  A fire elemental (Gauntlet)
  28 yaks
  2 steam dragons
  3 vampire mosquitoes (D:10)
  2 nagas (Lair:2)
  The ghost of sn0wgr3 the Skirmisher, an amateur GrFi of Cheibriados (D:4)
  7 water moccasins
  A hell hound (Gauntlet)
  A black bear (D:4)
  2 orc warriors
  An ice beast (D:6)
  2 ogres
  9 wolves
  2 kobold brigands
  Blork the orc (D:6)
  12 bullfrogs
  3 gnoll sergeants (D:5)
  A scorpion (D:7)
  2 water moccasin zombies (Ossuary)
  2 killer bees
  18 wights
  4 howler monkeys
  4 lava snakes (Volcano)
  A centaur zombie (D:4)
  A bullfrog zombie (D:4)
  2 gnoll shamans (D:5)
  3 hounds (D:5)
  2 orc priests (D:8)
  A bullfrog skeleton (D:6)
  2 centaur skeletons
  An iguana (D:7)
  An orc wizard (D:8)
  A hell rat (Lair:6)
  A killer bee zombie (D:7)
  A hound zombie (D:4)
  A mummy (Ossuary)
  13 gnolls (D:5)
  4 adders
  2 shadow imps
  3 nameless horrors
  2 adder zombies (Ossuary)
  A dart slug (D:2)
  11 orcs
  4 bats
  6 endoplasms
  2 giant cockroaches
  6 hobgoblins
  10 jackals
  3 quokkas
  5 ball pythons
  A gnoll zombie (Ossuary)
  12 goblins
  2 hobgoblin zombies (Ossuary)
  11 kobolds
  3 kobold zombies (Ossuary)
  6 orc zombies (Ossuary)
  3 rats
301 creatures vanquished.

Vanquished Creatures (collateral kills)
  A dire elephant (Lair:6)
  3 hydras
  A boulder beetle (Lair:3)
  2 catoblepae
  2 two-headed ogres (D:11)
  2 death yaks (Lair:6)
  2 lindwurms (Lair:6)
  An ugly thing (D:10)
  A manticore (Lair:6)
  12 elephants
  4 torpor snails (Lair:6)
  10 cane toads
  3 black mambas
  An unseen horror (D:11)
  A rime drake (Lair:6)
  6 komodo dragons
  An efreet (Gauntlet)
  2 polar bears
  7 hornets
  4 merfolk (Lair:2)
  3 tyrant leeches (Lair:6)
  7 dream sheep
  10 blink frogs
  2 wyverns (Lair:6)
  29 yaks
  5 basilisks
  2 fire elementals (Gauntlet)
  Grum (D:8)
  3 vampire mosquitoes
  An acid dragon (D:10)
  A naga (Lair:2)
  4 water moccasins
  5 wolves
  A centaur (D:7)
  A scorpion (D:4)
  A bullfrog (D:4)
  A gnoll sergeant (D:5)
  3 water moccasin zombies (Ossuary)
  A water moccasin skeleton (D:5)
  A killer bee (D:8)
  2 wights
  A howler monkey (D:7)
  4 lava snakes (Volcano)
  2 hounds (D:5)
  2 jellies
  3 gnoll shamans
  3 bullfrog skeletons
  Terence (D:2)
  2 iguanas
  4 hell rats (Lair:6)
  A killer bee zombie (D:7)
  A mummy (Ossuary)
  Robin (D:2)
  6 gnolls (D:5)
  3 adders
  A white imp (D:5)
  An ufetubus (D:5)
  2 adder zombies (Ossuary)
  2 adder skeletons (D:4)
  4 worms
  2 dart slugs
  An orc (D:4)
  2 endoplasms (D:1)
  2 gnoll zombies (Ossuary)
  6 goblins
  7 hobgoblins
  7 jackals
  7 kobolds
  3 ball pythons
  A bat (D:1)
  2 frilled lizards
  A hobgoblin zombie (Ossuary)
  A kobold zombie (Ossuary)
  2 orc zombies (Ossuary)
238 creatures vanquished.

Vanquished Creatures (others)
  A white imp (IceCv)
  2 ufetubi (IceCv)
  A bush (Lair:2)
  20 fungi
  43 plants
67 creatures vanquished.

Grand Total: 606 creatures vanquished

Notes
Turn   | Place    | Note
-------+----------+-------------------------------------------
     0 | D:1      | tilp the Barachi Summoner began the quest for the Orb.
     0 | D:1      | Reached XP level 1. HP: 13/13 MP: 3/3
   467 | D:1      | Reached skill level 1 in Fighting
   702 | D:1      | Reached XP level 2. HP: 10/22 MP: 0/5
   894 | D:1      | Learned a level 2 spell: Call Imp
  1486 | D:1      | Reached skill level 5 in Summonings
  2042 | D:1      | Reached XP level 3. HP: 27/27 MP: 3/6
  2050 | D:1      | Learned a level 3 spell: Call Canine Familiar
  2574 | D:2      | Noticed Robin
  2711 | D:2      | HP: 1/27 [Robin/goblin (2)]
  2735 | D:2      | Killed Robin
  3295 | D:2      | Reached XP level 4. HP: 27/33 MP: 3/8
  3378 | D:2      | Noticed Terence
  3400 | D:2      | Killed Terence
  3401 | D:2      | Reached skill level 6 in Summonings
  4036 | D:2      | Found Aqunirr's Assorted Antiques.
  4045 | D:2      | Bought a scroll labelled BUGHU MEOLYP for 25 gold pieces
  4399 | D:3      | Found a faded altar of an unknown god.
  4930 | D:3      | Reached XP level 5. HP: 39/39 MP: 1/9
  5254 | D:2      | Bought a scroll labelled KOURIK KOAZUAL for 25 gold pieces
  5316 | D:4      | Found a runed translucent gate.
  5316 | D:4      | Found a runed translucent gate.
  5327 | D:4      | Found a runed translucent gate.
  5354 | D:4      | Noticed a black bear
  5391 | D:4      | Killed a black bear
  5400 | D:4      | Reached XP level 6. HP: 7/47 MP: 1/10
  5467 | D:4      | Found a sand-covered staircase.
  5728 | Ossuary  | Entered an ossuary
  6173 | Ossuary  | Reached XP level 7. HP: 47/54 MP: 9/11
  7161 | D:4      | Noticed sn0wgr3's ghost (amateur GrFi)
  7304 | D:2      | Bought a smoky red potion for 22 gold pieces
  7304 | D:2      | Bought a scroll labelled VAUGO TILETOIN for 25 gold pieces
  7304 | D:2      | Bought a scroll labelled LIS GOUHAHUNE for 25 gold pieces
  7304 | D:2      | Bought a ruby potion for 22 gold pieces
  7368 | D:5      | Entered Level 5 of the Dungeon
  7371 | D:5      | Found a staircase to the Ecumenical Temple.
  7382 | Temple   | Entered the Ecumenical Temple
  7592 | Temple   | Became a worshipper of Warmaster Okawaru
  7716 | D:5      | Reached skill level 7 in Summonings
  8344 | D:5      | Reached skill level 8 in Summonings
  8348 | D:5      | Identified the +9 dagger "Amaih" {vamp, Dex+7}
  8358 | D:5      | Reached XP level 8. HP: 60/60 MP: 9/14
  8366 | D:5      | Reached skill level 1 in Invocations
  8367 | D:5      | Reached * piety under Okawaru
  8849 | D:5      | Found a bloodstained altar of Trog.
  8901 | D:5      | Found an opulent altar of Gozag.
  8902 | D:5      | Found a basalt altar of Yredelemnul.
  9009 | D:5      | Found a broken altar of Ashenzari.
  9271 | D:5      | You fall into a shaft and drop 2 floors!
  9289 | D:7      | Reached skill level 1 in Shields
  9489 | D:5      | Reached ** piety under Okawaru
  9899 | D:5      | Learned a level 3 spell: Summon Guardian Golem
  9904 | D:5      | Learned a level 4 spell: Summon Lightning Spire
 10184 | D:6      | Found a shimmering blue altar of Sif Muna.
 10390 | D:6      | Reached XP level 9. HP: 61/66 MP: 8/15
 10482 | D:6      | Reached skill level 5 in Fighting
 10522 | D:6      | Reached skill level 5 in Dodging
 10776 | D:6      | Found Iluxzus's Assorted Antiques.
 10798 | D:6      | Found Fememma's Book Emporium.
 10819 | D:6      | Noticed Blork the orc
 11049 | D:6      | Found a stormy altar of Qazlal.
 11331 | D:7      | Reached skill level 5 in Invocations
 11602 | D:7      | Reached skill level 5 in Spellcasting
 11602 | D:7      | Reached skill level 9 in Summonings
 11602 | D:7      | Reached XP level 10. HP: 75/76 MP: 15/17
 11808 | D:7      | Found Ophuv's Antique Armour Shop.
 11824 | D:7      | Noticed Pikel
 11836 | D:7      | Killed Pikel
 11836 | D:7      | Reached *** piety under Okawaru
 12441 | D:7      | Found a glowing golden altar of the Shining One.
 12602 | D:7      | Bought a pair of glowing gloves for 202 gold pieces
 13224 | D:8      | Noticed Grum
 13248 | D:8      | Killed Grum
 13566 | D:8      | Noticed Erica
 13634 | D:8      | Paralysed by a hornet for 2 turns
 13655 | D:8      | Reached **** piety under Okawaru
 14014 | D:8      | Found a radiant altar of Vehumet.
 14272 | D:8      | Found a sacrificial altar of Ru.
 14576 | D:8      | Reached skill level 10 in Summonings
 14576 | D:8      | Reached XP level 11. HP: 41/81 MP: 11/19
 14912 | D:8      | Noticed a two-headed ogre
 14923 | D:8      | Killed a two-headed ogre
 14923 | D:8      | Received a gift from Okawaru
 15139 | D:8      | Noticed Gastronok
 15338 | D:4      | Killed sn0wgr3's ghost
 15430 | D:4      | Learned a level 6 spell: Shadow Creatures
 15532 | D:9      | Noticed a two-headed ogre
 15533 | D:9      | Noticed a skeletal warrior
 15536 | D:9      | Noticed a centaur warrior
 15536 | D:9      | Noticed an eight-headed hydra
 15537 | D:9      | Found the ring of the Mage {Wiz Will++ Int+3}
 15537 | D:9      | Noticed a cyan ugly thing
 15540 | D:9      | Noticed a brown ugly thing
 15851 | D:9      | Learned a level 4 spell: Summon Ice Beast
 15883 | D:9      | Reached skill level 1 in Ice Magic
 16018 | D:9      | Identified the +2 chain mail "Pitrymug" {rElec rF- Str+2
                  | Int+3}
 16019 | D:9      | Noticed a fire dragon
 16020 | D:9      | Noticed a glowing orange brain
 16114 | D:9      | Noticed a seven-headed hydra
 16124 | D:9      | Killed a seven-headed hydra
 16265 | D:10     | Entered Level 10 of the Dungeon
 16374 | D:6      | Bought a pair of runed gloves for 202 gold pieces
 16516 | D:10     | Found a staircase to the Lair.
 16567 | D:10     | Reached skill level 11 in Summonings
 16689 | D:10     | Noticed a green ugly thing
 16702 | D:10     | Killed a green ugly thing
 16956 | D:10     | Noticed a cyclops
 16956 | D:10     | Noticed an ogre mage
 16957 | D:10     | Noticed an oklob plant
 16957 | D:10     | Noticed sn0wgr3's ghost (journeyman GrFi)
 16957 | D:10     | Noticed an oklob plant
 16958 | D:10     | Noticed a rakshasa
 16966 | D:10     | Found a transporter.
 17032 | D:10     | Reached ***** piety under Okawaru
 17073 | D:10     | Found a transporter.
 17558 | D:11     | Found an ancient bone altar of Kikubaaqudgha.
 17673 | D:11     | Noticed a two-headed ogre
 17684 | D:11     | Killed a two-headed ogre
 17685 | D:11     | Reached skill level 12 in Summonings
 18166 | D:11     | Noticed a two-headed ogre
 18175 | D:11     | Killed a two-headed ogre
 18586 | D:11     | Noticed a death knight
 18684 | D:11     | Noticed a skeletal warrior
 18806 | D:11     | Noticed a cyan ugly thing
 18817 | D:11     | Killed a purple ugly thing
 19162 | D:6      | Killed Blork the orc
 19255 | Lair:1   | Entered Level 1 of the Lair of Beasts
 19312 | Lair:1   | Reached skill level 5 in Armour
 19327 | Lair:1   | Found a dark tunnel.
 19359 | Lair:1   | Reached XP level 12. HP: 52/95 MP: 5/21
 19370 | Lair:1   | Reached ****** piety under Okawaru
 19373 | Lair:1   | Received a gift from Okawaru
 19556 | Volcano  | Entered a volcano
 19728 | Volcano  | Noticed a two-headed ogre
 19729 | Volcano  | Noticed a two-headed ogre
 19729 | Volcano  | Noticed a two-headed ogre
 19730 | Volcano  | Noticed a hell knight
 19732 | Volcano  | Noticed an ogre mage
 19747 | Volcano  | Killed a two-headed ogre
 19748 | Volcano  | Reached skill level 10 in Fighting
 19936 | Volcano  | Killed a hell knight
 20026 | Volcano  | Killed a two-headed ogre
 20026 | Volcano  | Received a gift from Okawaru
 20059 | Volcano  | Killed an ogre mage
 20291 | Volcano  | Killed a two-headed ogre
 20292 | Volcano  | Reached skill level 13 in Summonings
 20341 | Volcano  | Found a burning altar of Makhleb.
 20565 | Lair:1   | Noticed a boulder beetle
 20579 | Lair:1   | Killed a boulder beetle
 21433 | Lair:2   | Found a gate leading to a gauntlet.
 21451 | Lair:2   | Reached skill level 14 in Summonings
 21464 | Gauntlet | Entered a Gauntlet
 21464 | Gauntlet | Found a transporter.
 21509 | Gauntlet | Found a transporter.
 21524 | Gauntlet | Found a transporter.
 21529 | Gauntlet | Found a transporter.
 21544 | Gauntlet | Found a transporter.
 21563 | Gauntlet | Found a transporter.
 21565 | Gauntlet | Noticed a hell hog
 21575 | Gauntlet | Found a transporter.
 21587 | Gauntlet | Found a transporter.
 21599 | Gauntlet | Found a transporter.
 21607 | Gauntlet | Found a large runed translucent door.
 21607 | Gauntlet | Found a large runed translucent door.
 21608 | Gauntlet | Found a large runed translucent door.
 21608 | Gauntlet | Found a large runed translucent door.
 21609 | Gauntlet | Found a large runed translucent door.
 21609 | Gauntlet | Found a large runed translucent door.
 21610 | Gauntlet | Found a runed translucent gate.
 21610 | Gauntlet | Found a runed translucent door.
 21611 | Gauntlet | Found a transporter.
 21611 | Gauntlet | Found a runed translucent gate.
 21612 | Gauntlet | Found a runed translucent gate.
 21612 | Gauntlet | Found a runed translucent door.
 21612 | Gauntlet | Noticed a cacodemon
 21613 | Gauntlet | Found a large runed translucent door.
 21613 | Gauntlet | Found a large runed translucent door.
 21614 | Gauntlet | Found a large runed translucent door.
 21614 | Gauntlet | Found a large runed translucent door.
 21615 | Gauntlet | Found a large runed translucent door.
 21615 | Gauntlet | Found a large runed translucent door.
 21617 | Gauntlet | Found a transporter.
 21621 | Gauntlet | Found a large runed translucent door.
 21621 | Gauntlet | Found a large runed translucent door.
 21622 | Gauntlet | Found a large runed translucent door.
 21622 | Gauntlet | Found a large runed translucent door.
 21652 | Gauntlet | Found a transporter.
 21654 | Gauntlet | Found a transporter.
 21679 | Gauntlet | Found a transporter.
 21697 | Gauntlet | Found a transporter.
 21726 | Gauntlet | Noticed an iron troll
 21731 | Gauntlet | Noticed a fenstrider witch
 21731 | Gauntlet | an iron troll changed into a fenstrider witch
 21734 | Gauntlet | Noticed an iron troll
 21734 | Gauntlet | a fenstrider witch changed into an iron troll
 21735 | Gauntlet | Noticed a frost giant
 21735 | Gauntlet | an iron troll changed into a frost giant
 21744 | Gauntlet | Noticed a quicksilver dragon
 21744 | Gauntlet | a frost giant changed into a quicksilver dragon
 21752 | Gauntlet | Noticed an iron troll
 21752 | Gauntlet | a quicksilver dragon changed into an iron troll
 21754 | Gauntlet | Noticed a fire giant
 21754 | Gauntlet | an iron troll changed into a fire giant
 21755 | Gauntlet | Noticed a dire elephant
 21755 | Gauntlet | a fire giant changed into a dire elephant
 21756 | Gauntlet | Noticed an alligator snapping turtle
 21756 | Gauntlet | a dire elephant changed into an alligator snapping turtle
 21773 | Gauntlet | Found a transporter.
 21817 | Gauntlet | Found a transporter.
 21868 | Gauntlet | Noticed a boulder beetle
 21906 | Gauntlet | Found a transporter.
 21912 | Gauntlet | Gained mutation: You tend to lose your temper in combat. [a
                  | shining eye]
 21914 | Gauntlet | Gained mutation: You are clumsy. (Dex -2) [a shining eye]
 21921 | Gauntlet | Gained mutation: You occasionally shout uncontrollably at
                  | your foes. [a shining eye]
 21928 | Gauntlet | Lost mutation: You occasionally shout uncontrollably at
                  | your foes. [potion of mutation]
 21928 | Gauntlet | Lost mutation: You tend to lose your temper in combat.
                  | [potion of mutation]
 21928 | Gauntlet | Gained mutation: You expend magic power (3 MP) to
                  | strengthen your wands. [potion of mutation]
 21928 | Gauntlet | Gained mutation: Your muscles are strong. (Str +2) [potion
                  | of mutation]
 21931 | Gauntlet | Noticed an eight-headed hydra
 21931 | Gauntlet | a boulder beetle changed into an eight-headed hydra
 21985 | Gauntlet | Noticed an entropy weaver
 22020 | Gauntlet | Killed an entropy weaver
 22272 | Gauntlet | Got Evuaso Hepoe's Volume of Aerial Black Arts
 22274 | Gauntlet | Identified the +2 pair of boots of Ziocs {Slay+3}
 22397 | Gauntlet | Noticed a minotaur
 22409 | Gauntlet | Killed a minotaur
 22415 | Gauntlet | Got the Volume of Venomous Weightlessness
 22660 | Lair:2   | Reached skill level 15 in Summonings
 22700 | Lair:2   | Gained mutation: You can hop long distances. [Barachi
                  | growth]
 22700 | Lair:2   | Reached XP level 13. HP: 87/103 MP: 22/22
 23173 | Lair:2   | Found a staircase to the Snake Pit.
 23623 | Lair:2   | Found a staircase to the Shoals.
 24167 | Lair:2   | Received a gift from Okawaru
 25060 | Lair:3   | Received a gift from Okawaru
 25782 | Lair:4   | Identified the +3 flail of Doom {freeze, rF+ rN+ Str+3}
 25884 | Lair:4   | Reached skill level 16 in Summonings
 25893 | Lair:4   | Reached skill level 1 in Maces & Flails
 26471 | Lair:4   | Noticed Sonja
 26477 | Lair:4   | Killed Sonja
 26945 | Lair:5   | Received a gift from Okawaru
 27005 | Lair:5   | Received a gift from Okawaru
 27064 | Lair:5   | Reached skill level 5 in Maces & Flails
 27247 | Lair:5   | Found a frozen archway.
 27274 | IceCv    | Entered an ice cave
 27358 | Lair:5   | Reached XP level 14. HP: 79/111 MP: 17/26
 27516 | Lair:5   | Found a staircase to the Slime Pits.
 27517 | Lair:5   | Found a viscous altar of Jiyva.
 27977 | Lair:6   | Entered Level 6 of the Lair of Beasts
 28673 | Lair:6   | Got Sif Muna's Tome of Heat and Earth
 28743 | Lair:6   | Found a runed translucent door.
 28843 | Lair:6   | Received a gift from Okawaru
 29096 | Lair:6   | Found a basalt altar of Yredelemnul.
 29674 | Lair:6   | Noticed a dire elephant
 29688 | Lair:6   | Killed a dire elephant
 30495 | Lair:6   | Identified the +7 short sword "Pigew" {drain, rC- Str+3
                  | Int+4 Dex+4} (Okawaru gifted it to you on level 6 of the
                  | Lair of Beasts)
 30495 | Lair:6   | Received a gift from Okawaru
 31249 | Lair:6   | Killed from afar by an ice dragon

Illustrated notes

Levels and vault maps discovered:
D:1:      dpeg_arrival_windows_large_door, layout_loops_ring
D:2:      layout_basic, serial_shops, nicolae_diamond_shop, uniq_robin,
          uniq_terence
D:3:      layout_rooms, shapermc_ecumenical_altar_starsandcircs
D:4:      layout_rooms, gammafunk_ghost_necromancy,
          nicolae_ossuary_entry_monument, minmay_joined_circles
D:5:      layout_cave_pools, kennysheep_mini,
          chequers_temple_overflow_statue_of_worship,
          minmay_temple_entry_junction, serial_gnoll_camp, gnoll_camp_mini_hut,
          gnoll_camp_mini_basic, gnoll_camp_mini_basic, gnoll_camp_huts_basic,
          gnoll_camp_mini_sergeant, kennysheep_generic_room_8
D:6:      layout_loops_ring, old_standard_altar, lemuel_crystal_altar,
          serial_shops, shop, nicolae_square_shop, kennysheep_generic_room_13,
          uniq_blork_the_orc
D:7:      layout_gridville, lemuel_coloured_pillars_altar, serial_shops, shop,
          uniq_pikel
D:8:      layout_loops_cross, general_overflow_altar,
          nicolae_overflow_crystal_walls, kennysheep_potato, uniq_grum,
          uniq_gastronok, uniq_erica
D:9:      layout_basic, minivault_12
D:10:     layout_loops_ring, lair_entry_dummy, nzn_ghost_randoct
D:11:     layout_irregular_city, kiku_gazebo_pond_becter
Temple:   nicolae_temple_figure_eight
Lair:1:   layout_hall_layers, enter_volcano_1, nzn_sisyphean_effort
Lair:2:   layout_regular_city, elwin_shoals_entry_stream,
          minmay_snake_entry_guardpost_small, gauntlet_entry_generic,
          chequers_serial_rivers_micro_b, grunt_megastairs_5,
          infiniplex_staircase_pool
Lair:3:   layout_chaotic_city, grunt_megastairs_2, infiniplex_staircase_pool_2
Lair:4:   layout_loops_ring, serial_bayou_shore_a, lemuel_fruit_tree, uniq_sonja
Lair:5:   layout_cave_shapes, slime_altar_1, portal_ice_cave_demonic_guard
Lair:6:   wormcave, layout_hall_layers, hangedman_lair_in_review, basic_altar

Skill      XL: |  1  2  3  4  5  6  7  8  9 10 11 12 13 14 |
---------------+-------------------------------------------+-----
Fighting       | 1 2 3 4 8 9 10 11 | 11.9
Summonings     | 5 6 8 9 10 12 15 16 | 16.0
Spellcasting   | 3 4 5 6 8 |  8.0
Stealth        | 2 4 |  4.0
Dodging        | 3 4 6 7 8 |  8.0
Invocations    | 4 6 8 9 |  9.6
Shields        | 4 |  4.0
Armour         | 3 5 6 |  6.0
Air Magic      | 3 4 |  4.0
Evocations     | 3 4 |  4.0
Ice Magic      | 4 |  4.0
Maces & Flails | 5 7 |  7.6

Action                   |  1- 3 |  4- 6 |  7- 9 | 10-12 | 13-15 || total
-------------------------+-------+-------+-------+-------+-------++-------
Melee: Unarmed           |    27 |       |       |       |       ||    27
       Dagger            |   154 |    11 |   188 |   647 |   369 ||  1369
       Short sword       |       |   160 |   107 |       |       ||   267
       Scimitar          |       |       |       |       |     3 ||     3
       Flail             |       |       |       |       |   140 ||   140
Throw: Dart              |       |       |       |     1 |       ||     1
 Cast: Summon Small Mamm |    19 |     2 |       |     2 |       ||    23
       Call Imp          |    30 |    21 |    53 |    29 |       ||   133
       Call Canine Famil |     1 |    12 |    37 |    26 |       ||    76
       Summon Ice Beast  |       |       |       |    64 |    97 ||   161
       Summon Lightning  |       |       |       |    17 |    22 ||    39
       Summon Guardian G |       |       |       |     1 |       ||     1
       Shadow Creatures  |       |       |       |       |    80 ||    80
Invok: Heroism           |       |       |     3 |    18 |     9 ||    30
 Abil: Hop               |     3 |     2 |     3 |     5 |     3 ||    16
Evoke: Wand              |       |       |     6 |    10 |     1 ||    17
  Use: Scroll            |     4 |     5 |    13 |    10 |     3 ||    35
       Potion            |     4 |       |     4 |     8 |     3 ||    19
 Stab: Sleeping          |     1 |     1 |     3 |     5 |     2 ||    12
       Distracted        |       |     3 |     9 |    13 |    18 ||    43
       Invisible         |       |       |       |     3 |       ||     3
       Paralysed         |       |       |       |       |     2 ||     2
       Petrifying        |       |       |       |       |     1 ||     1
Armor: Robe              |    18 |       |       |       |       ||    18
       Ring mail         |    68 |    77 |   103 |   235 |   235 ||   718
Dodge: Dodged            |   132 |    80 |   165 |   521 |   441 ||  1339
Block: Buckler           |       |       |    10 |   247 |   154 ||   411
       Rpst.: Scimitar   |       |       |       |       |     1 ||     1

Table legend: (Time is in decaauts)
 A = Elapsed time spent in this place.
 B = Non-inter-level travel time spent in this place.
 C = Inter-level travel time spent in this place.
 D = Time resting spent in this place.
 E = Time spent auto-exploring this place.
 F = Levels seen in this place.
 G = Mean time per level.
                   A        B        C        D        E       F      G
               +--------+--------+--------+--------+--------+-----+--------+
         Total |  33786 |  32177 |   1609 |   8752 |  17989 |  22 | 1535.7 |
       Dungeon |  19774 |  18473 |   1301 |   5532 |  10209 |  11 | 1797.6 |
        Temple |    294 |    233 |     61 |      0 |    231 |   1 |  294.0 |
          Lair |  10650 |  10404 |    246 |   1976 |   6727 |   6 | 1775.0 |
       Ossuary |    732 |    732 |      0 |    430 |    112 |   1 |  732.0 |
      Ice Cave |     32 |     32 |      0 |     19 |      0 |   1 |   32.0 |
       Volcano |   1011 |   1011 |      0 |    527 |     74 |   1 | 1011.0 |
      Gauntlet |   1290 |   1290 |      0 |    267 |    633 |   1 | 1290.0 |
               +--------+--------+--------+--------+--------+-----+--------+

Top non-repeatable levels by time:
  Lair:6: 3131 daAuts
     D:1: 2463 daAuts
     D:2: 2353 daAuts
     D:8: 2303 daAuts
     D:7: 2256 daAuts
  Lair:2: 2161 daAuts
     D:4: 2022 daAuts
     D:5: 1955 daAuts
    D:11: 1678 daAuts
     D:6: 1610 daAuts
  Lair:5: 1474 daAuts
  Lair:3: 1306 daAuts
  Lair:4: 1295 daAuts
Gauntlet: 1290 daAuts
  Lair:1: 1281 daAuts
